 Dungeon Crawl Stone Soup version 0.30-a0-7-g94fe547ab8 (webtiles) character file.

Game seed: 2162675731875677555

1075 Nedwor the Cutter (level 8, -3/61 HPs)
             Began as a Demonspawn Gladiator on Aug 23, 2022.
             Slain by a large abomination (22 damage)
             ... on level 2 of the Abyss.
             The game lasted 00:08:24 (5958 turns).

Nedwor the Cutter (Demonspawn Gladiator)            Turns: 5958, Time: 00:08:24

Health: -3/61      AC:  9    Str: 16    XL:     8   Next: 8%
Magic:  8/8        EV:  8    Int: 13    God:
Gold:   321        SH:  0    Dex: 15    Spells: 7/7 levels left

rFire   . . .      SeeInvis .    n - +5 dagger "Cuatet" {flame, Fragile rN+ Int+3}
rCold   . . .      Faith    .    (no shield)
rNeg    + + .      Spirit   .    j - +0 chain mail
rPois   +          Reflect  .    (helmet unavailable)
rElec   .          Harm     .    (no cloak)
rCorr   .          Rampage  .    (no gloves)
Will    .....                    (no boots)
Stlth   ..........               (no amulet)
HPRegen 0.20/turn                q - ring of positive energy
MPRegen 0.11/turn                l - ring of poison resistance

@: no status effects
A: horns 3, demonic guardian 1, powered by pain 1
a: no special abilities


You were on level 2 of the Abyss.
You visited 1 branch of the dungeon, and saw 6 of its levels.
You visited the Abyss 1 time.

You collected 321 gold pieces.

Inventory:

Hand Weapons
 a - a +0 rapier
 n - the +5 dagger "Cuatet" (weapon) {flame, Fragile rN+ Int+3}
   (You found it on level 2 of the Dungeon)

   It burns those it strikes, dealing additional fire damage.
   Int:       It affects your intelligence (+3).
   rN:        It protects you from negative energy.
   Fragile:   It will be destroyed if unequipped.
 x - a +1 dagger of speed
Armour
 c - a +0 helmet
 j - a +0 chain mail (worn)
Jewellery
 g - a ring of wizardry
 l - a ring of poison resistance (right hand)
 q - a ring of positive energy (left hand)
 C - an amulet of regeneration
Scrolls
 b - a scroll of butterflies {unknown}
 h - 3 scrolls of amnesia {unknown}
 m - a scroll of noise {unknown}
 o - a scroll of immolation {unknown}
 r - 6 scrolls of identify {unknown}
 s - a scroll of enchant weapon {unknown}
 w - 2 scrolls of poison {unknown}
 y - 2 scrolls of magic mapping {unknown}
 A - a scroll of teleportation {unknown}
Potions
 d - a potion of haste {unknown}
 e - 2 potions of brilliance {unknown}
 f - a potion of curing {unknown}
 i - a potion of magic {unknown}
 k - 2 potions of attraction {unknown}
 p - 2 potions of ambrosia {unknown}
 t - 5 potions of flight {unknown}
 u - a potion of cancellation {unknown}
 v - 2 potions of mutation {unknown}
 z - 2 potions of heal wounds {unknown}
 B - a potion of invisibility {unknown}


   Skills:
 + Level 4.6 Fighting
 * Level 6.1 Short Blades
 - Level 1.7 Throwing
 + Level 3.5 Armour
 + Level 4.6 Dodging


You had 7 spell levels left.
You didn't know any spells.
Your spell library contained the following spells:

 Spells                   Type           Power      Damage    Failure   Level
 Sting                    Tmut/Pois      0%         1d3       99%         1
 Poisonous Vapours        Pois/Air       0%         N/A       100%        2
 Dazzling Flash           Conj/Hex       0%         N/A       100%        3
 Ignite Poison            Fire/Tmut/Pois 0%         N/A       100%        3
 Mephitic Cloud           Conj/Pois/Air  0%         N/A       100%        3
 Iskenderun's Mystic Bla  Conj/Tloc      0%         2d3       100%        4
 Olgreb's Toxic Radiance  Pois           0%         N/A       100%        4
 Freezing Cloud           Conj/Ice/Air   0%         6-21      100%        5
 Starburst                Conj/Fire      0%         6d3       100%        6
 Borgnjor's Revivificati  Necr           0%         N/A       100%        8
 Necromutation            Tmut/Necr      0%         N/A       100%        8
 Death's Door             Necr           0%         N/A       100%        9


Dungeon Overview and Level Annotations

Branches:
Dungeon (6/15)
 Temple: D:4-7

Altars:
Makhleb


Innate Abilities, Weirdness & Mutations

You have a pair of large horns on your head.
A weak demonic guardian rushes to your aid.
You sometimes gain a little power by taking damage.


Message History

You start resting.
HP restored.
You climb downwards.
There is a stone staircase leading up here.
The gnoll shouts!
The gnoll sergeant hits you with a +6 trident of distortion!
You are cast into the Abyss!
This branch contains the abyssal rune of Zot.
A small abomination comes into view.
A large abomination comes into view.
A large abomination is nearby!
A white imp comes into view.
The white imp shouts, "Fly, thou reeling-ripe spleeny giglet!"
The large abomination attacks as you move away!
The large abomination hits you!!
The large abomination attacks as you move away!
The large abomination hits you but does no damage.
The large abomination barely misses you.
You hit the large abomination but do no damage.
Your headbutt misses the large abomination.
You hit the large abomination. You burn the large abomination.
The large abomination is lightly damaged.
The large abomination hits you.
You hit the large abomination but do no damage.
You headbutt the large abomination!
The large abomination is heavily damaged.
The large abomination hits you.
A demonic guardian appears!
You hit the large abomination but do no damage.
You headbutt the large abomination, but do no damage.
The large abomination is heavily damaged.
The large abomination hits you!
You hit the large abomination. You burn the large abomination.
The large abomination is heavily damaged.
The large abomination hits you!
You hit the large abomination but do no damage.
The large abomination is heavily damaged.
You hit the large abomination but do no damage.
The large abomination is heavily damaged.
The large abomination hits you!!
You die...

.# .. # #.
....#.# ## .....
.. #.#.. ..... #.
#####
#..#...#####.
#..5#.##.
........#
#@#..#...#.##.#..
##X........#....
##...#..... .## #
###.#....# . .#
###... .. #.#.
###### .##. ###.#
.##. #.. #. .# #.


You could see a large abomination (ally target) and a friendly iron imp
(summoned).

Vanquished Creatures
  Eustachio (D:6)
  2 black bears (D:4)
  An ogre (D:6)
  A bullfrog (D:6)
  A scorpion (D:5)
  A necrophage (D:6)
  A hound (D:6)
  4 iguanas
  3 orc wizards (D:5)
  11 adders
  A gnoll (D:5)
  2 river rats (D:3)
  3 worms
  5 dart slugs
  5 orcs
  13 ball pythons
  12 endoplasms
  8 giant cockroaches
  14 goblins
  6 hobgoblins
  7 jackals
  10 kobolds
  6 quokkas
  4 bats
  7 frilled lizards
  11 rats
140 creatures vanquished.

Vanquished Creatures (collateral kills)
  A goblin (D:3)
  A hobgoblin (D:3)
2 creatures vanquished.

Grand Total: 142 creatures vanquished

Notes
Turn   | Place    | Note
-------+----------+-------------------------------------------
     0 | D:1      | Nedwor the Demonspawn Gladiator began the quest for the
                  | Orb.
     0 | D:1      | Reached XP level 1. HP: 16/16 MP: 1/1
   180 | D:1      | Gained mutation: A weak demonic guardian rushes to your
                  | aid. [demonic ancestry]
   180 | D:1      | Reached XP level 2. HP: 22/22 MP: 2/2
   272 | D:1      | Reached skill level 3 in Short Blades
   919 | D:1      | Reached XP level 3. HP: 24/28 MP: 3/3
  1459 | D:2      | Found a faded altar of an unknown god.
  1465 | D:2      | Identified the +5 dagger "Cuatet" {flame, Fragile rN+
                  | Int+3}
  1480 | D:2      | Reached skill level 1 in Armour
  1731 | D:2      | Gained mutation: You have a pair of small horns on your
                  | head. [demonic ancestry]
  1731 | D:2      | Reached XP level 4. HP: 33/34 MP: 4/4
  2352 | D:2      | Identified the +2 leather armour of the Harvest {rC+}
  2665 | D:3      | Gained mutation: You have a pair of horns on your head.
                  | [demonic ancestry]
  2665 | D:3      | Reached XP level 5. HP: 40/40 MP: 5/5
  2918 | D:3      | Reached skill level 4 in Short Blades
  3412 | D:3      | Found a burning altar of Makhleb.
  3966 | D:4      | Noticed a black bear
  3972 | D:4      | Killed a black bear
  3973 | D:4      | Reached XP level 6. HP: 46/47 MP: 6/6
  4195 | D:4      | Found a sand-covered staircase.
  4840 | D:5      | Entered Level 5 of the Dungeon
  4860 | D:5      | Reached skill level 5 in Short Blades
  4865 | D:5      | Gained mutation: You have a pair of large horns on your
                  | head. [demonic ancestry]
  4865 | D:5      | Reached XP level 7. HP: 51/53 MP: 7/7
  5397 | D:6      | Noticed Eustachio
  5434 | D:6      | Killed Eustachio
  5755 | D:6      | Reached skill level 6 in Short Blades
  5755 | D:6      | Gained mutation: You sometimes gain a little power by
                  | taking damage. [demonic ancestry]
  5755 | D:6      | Reached XP level 8. HP: 56/61 MP: 8/8
  5794 | D:6      | Noticed a hornet
  5861 | Abyss:2  | Cast into level 2 of the Abyss (gnoll sergeant)
  5928 | Abyss:2  | Noticed a large abomination
  5958 | Abyss:2  | Slain by a large abomination

Illustrated notes

Levels and vault maps discovered:
D:1:      dpeg_arrival_three_same_balls, layout_loops_ring,
          minmay_strange_pillars
D:2:      minmay_thinvault, layout_basic, hellmonk_ecumenical_altar_arch_garden,
          hangedman_decor_growths
D:3:      kennysheep_the_goblin_king, layout_basic, bloody_makhleb,
          portal_sewer_entry_b
D:4:      layout_loops_ring, enter_ossuary_1, serial_rivers,
          chequers_serial_rivers_small_a, chequers_serial_rivers_micro_c,
          chequers_serial_rivers_room_b, chequers_serial_rivers_micro_c,
          chequers_serial_rivers_marsh, chequers_serial_rivers_micro_b
D:5:      layout_cave_pools, kennysheep_generic_room_13
D:6:      layout_rooms, nicolae_wu_jian_immortal_techniques, uniq_eustachio
Abyss:2:  base: D:4, hangedman_abyss_or_decor_passed,
          hangedman_abyss_or_decor_passed

Skill      XL: |  1  2  3  4  5  6  7 |
---------------+----------------------+-----
Short Blades   | 3 4 5 6 |  6.1
Dodging        | 3 4 |  4.6
Armour         | 1 2 3 |  3.5
Fighting       | 3 4 |  4.6
Throwing       | |  1.7

Action                   |  1- 3 |  4- 6 |  7- 9 || total
-------------------------+-------+-------+-------++-------
Melee: Rapier            |   118 |       |       ||   118
       Dagger            |    27 |   188 |    91 ||   306
       Headbutt          |       |    22 |    21 ||    43
       Punch             |       |     3 |     2 ||     5
 Stab: Sleeping          |     2 |       |       ||     2
Armor: Leather armour    |    27 |       |       ||    27
       Chain mail        |    25 |    84 |    52 ||   161
Dodge: Dodged            |    80 |    53 |    39 ||   172

Table legend: (Time is in decaauts)
 A = Elapsed time spent in this place.
 B = Non-inter-level travel time spent in this place.
 C = Inter-level travel time spent in this place.
 D = Time resting spent in this place.
 E = Time spent auto-exploring this place.
 F = Levels seen in this place.
 G = Mean time per level.
                   A        B        C        D        E       F      G
               +--------+--------+--------+--------+--------+-----+--------+
         Total |   5902 |   5654 |    248 |    893 |   3792 |   7 |  843.1 |
       Dungeon |   5807 |   5559 |    248 |    893 |   3774 |   6 |  967.8 |
         Abyss |     95 |     95 |      0 |      0 |     18 |   1 |   95.0 |
               +--------+--------+--------+--------+--------+-----+--------+

Top non-repeatable levels by time:
     D:1: 1363 daAuts
     D:3: 1288 daAuts
     D:2: 1240 daAuts
     D:4: 919 daAuts
     D:6: 499 daAuts
     D:5: 496 daAuts
 Abyss:2: 95 daAuts
